 Dungeon Crawl Stone Soup version 0.31.0-9-g3a7656b989 (webtiles) character file.

Game seed: 16524717946983266325

147 qw the Ducker (level 5, 0/26 HPs)
             Began as a Spriggan Hunter on Feb 2, 2024.
             Slain by a gnoll
             ... wielding a +0 spear
              (2 damage)
             ... on level 3 of the Dungeon.
             The game lasted 00:00:06 (1494 turns).

qw the Ducker (Spriggan Hunter)                     Turns: 1494, Time: 00:00:06

Health: 0/26       AC:  4    Str:  7    XL:     5   Next: 7%
Magic:  6/6        EV: 20    Int: 11    God:
Gold:   195        SH:  0    Dex: 20    Spells: 4/4 levels left

rFire   . . .        a - +0 shortbow
rCold   . . .        (shield currently unavailable)
rNeg    . . .        c - +0 robe
rPois   +            (helmet restricted)
rElec   .            d - +1 cloak {rCorr}
rCorr   +            (gloves unavailable)
SInv    +            (boots unavailable)
Will    .....        (no amulet)
Stlth   ++           b - ring of poison resistance
HPRegen 0.24/turn    (no ring)
MPRegen 0.10/turn

%: no passive effects
@: very quick
A: very small, no large weapons, unfitting armour, see invisible, speed 3
a: no special abilities


You were on level 3 of the Dungeon.
You visited 1 branch of the dungeon, and saw 3 of its levels.

You collected 195 gold pieces.


Innate Abilities, Weirdness & Mutations

You are very small and have problems with some larger weapons.
You are too small for most types of armour.
You have supernaturally acute eyesight. (SInv)
You cover ground extremely quickly. (Speed+++)


   Skills:
 - Level 2.0 Fighting
 + Level 5.0 Ranged Weapons
 - Level 5.4 Dodging
 - Level 1.5 Stealth


You had 4 spell levels left.
You didn't know any spells.
Your spell library was empty.

Inventory:

Hand Weapons
 a - a +0 shortbow (weapon)
Armour
 c - a +0 robe (worn)
 d - a +1 cloak of preservation (worn)
Jewellery
 b - a ring of poison resistance (left hand)
Scrolls
 f - a scroll of fog {unknown}
Potions
 e - a potion of resistance
 g - 2 potions of might
 i - a potion of enlightenment
 j - a potion of curing {unknown}
 l - a potion of haste {unknown}
 m - a potion of mutation {unknown}

Dungeon Overview and Level Annotations

Branches:
Dungeon (3/15)

Altars:

Shops:
D:3 :

Annotations:
D:3 1 runed translucent door


Message History

The gnoll is heavily wounded.
The gnoll misses you. x2
You shoot an arrow.
The arrow hits the gnoll but does no damage.
The gnoll misses you.
You shoot an arrow.
The arrow hits the gnoll but does no damage.
The gnoll misses you. The gnoll completely misses you.
The gnoll hits you from afar with a +0 spear.
You shoot an arrow. The arrow completely misses the gnoll.
The gnoll hits you with a +0 whip. The gnoll barely misses you.
The gnoll hits you from afar with a +0 spear.
You shoot an arrow. The arrow hits the gnoll.
The gnoll is heavily wounded.
The gnoll misses you. The gnoll barely misses you.
The gnoll completely misses you.
You shoot an arrow. The arrow hits the gnoll.
The gnoll is severely wounded.
The gnoll completely misses you.
The gnoll hits you from afar with a +0 spear.
The gnoll barely misses you.
You shoot an arrow. The arrow hits the gnoll.
The gnoll is almost dead.
The gnoll closely misses you. The gnoll misses you. x2
You shoot an arrow.
The arrow hits the gnoll but does no damage.
The gnoll is almost dead.
The gnoll misses you. The gnoll completely misses you. x2
You shoot an arrow. The arrow hits the gnoll.
You kill the gnoll!
The gnoll hits you from afar with a +0 spear.
The gnoll barely misses you. The gnoll misses you.
The gnoll hits you from afar with a +0 spear.
Your Fighting skill increases to level 2!
You shoot an arrow. The arrow barely misses the gnoll.
The gnoll misses you.
The gnoll hits you from afar with a +0 spear.
You shoot an arrow. The arrow barely misses the gnoll.
The gnoll hits you from afar with a +0 spear.
You die...

#.#..# .. .##. .##.
.##..#.# ..# ...##
...##....##.. ... .##..
.##.. .##..#.
..##.#..##.#..##.#..##
##....##....##....##..
#..##.#..##.#..##.#..#
#.##).#.##..#.##..#.#
#.g.@##....##....##..
....#g##..#.##..#.##..#.
. # #..##.#..##.#..##
#.##....%#.......
##.####.##.....#.##.###
.......................
.......................
############...#.##.###
#......... .


You could see 2 gnolls.

Vanquished Creatures
  Jessica (D:2)
  Natasha (D:3)
  2 gnolls (D:3)
  2 adders (D:2)
  2 dart slugs
  2 ribbon worms (D:2)
  3 endoplasms (D:1)
  3 giant cockroaches
  5 hobgoblins
  2 quokkas
  4 ball pythons (D:1)
  2 bats
  6 frilled lizards
  9 goblins
  5 kobolds
  5 rats
54 creatures vanquished.

Notes
Turn   | Place    | Note
-------+----------+-------------------------------------------
     0 | D:1      | qw the Spriggan Hunter began the quest for the Orb.
     0 | D:1      | Reached XP level 1. HP: 10/10 MP: 2/2
     0 | D:1      | 0 ||| qw: Version: 0.3-a-155-g5e7d8dd
     0 | D:1      | 0 ||| qw: Game counter: 626
     0 | D:1      | 0 ||| qw: Melee chars always use a shield: true
     0 | D:1      | 0 ||| qw: God list: Okawaru
     0 | D:1      | 0 ||| qw: Allow faded altars: false
     0 | D:1      | 0 ||| qw: Do Orc after clearing Dungeon:15 true
     0 | D:1      | 0 ||| qw: Do second Lair branch before Depths: true
     0 | D:1      | 0 ||| qw: Lair rune preference: random
     0 | D:1      | 0 ||| qw: Goals: Normal
     0 | D:1      | 0 ||| PLANNING D:1-11
    68 | D:1      | Reached skill level 3 in Dodging
   116 | D:1      | Reached XP level 2. HP: 14/14 MP: 3/3
   578 | D:1      | Reached XP level 3. HP: 17/18 MP: 4/4
   597 | D:1      | 597 ||| READING 2 scrolls labelled MASTAO SOTIETT.
   598 | D:1      | 598 ||| READING scroll labelled WONOAMAANN.
   599 | D:1      | 599 ||| READING scroll labelled WOIWAUSEAS.
   700 | D:1      | 700 ||| READING scroll labelled ZAIMIAV ZOACH.
   701 | D:1      | 701 ||| DRINKING 2 green potions.
   702 | D:1      | 702 ||| DROPPING scroll of butterflies.
   703 | D:1      | 703 ||| DROPPING scroll of poison.
   864 | D:2      | Found a faded altar of an unknown god.
   956 | D:2      | Noticed Jessica
   957 | D:2      | Killed Jessica
   958 | D:2      | Reached XP level 4. HP: 22/22 MP: 5/5
  1159 | D:2      | 1159 ||| FLEEEEING.
  1160 | D:2      | 1160 ||| FLEEEEING.
  1165 | D:2      | 1165 ||| FLEEEEING.
  1166 | D:2      | 1166 ||| FLEEEEING.
  1203 | D:2      | 1203 ||| UPGRADING to +1 cloak of preservation.
  1208 | D:2      | 1208 ||| UPGRADING to ring of poison resistance.
  1209 | D:2      | 1209 ||| READING 2 scrolls labelled EWURONAFUY.
  1209 | D:2      | 1209 ||| IDENTIFYING fuming inky potion
  1210 | D:2      | 1210 ||| READING scroll of identify.
  1210 | D:2      | 1210 ||| IDENTIFYING ruby potion
  1211 | D:2      | 1211 ||| DRINKING 2 sapphire potions.
  1212 | D:2      | 1212 ||| DROPPING potion of magic.
  1217 | D:3      | 1217 ||| PLANNING SEWER
  1217 | D:3      | Noticed Natasha
  1219 | D:3      | Killed Natasha
  1226 | D:3      | Found a runed translucent door.
  1332 | D:3      | Found Quus Zij's Book Shoppe.
  1484 | D:3      | Reached XP level 5. HP: 26/26 MP: 6/6
  1493 | D:3      | HP: 2/26 [gnoll/+0 spear (5)]
  1494 | D:3      | Slain by a gnoll

Levels and vault maps discovered:
D:1:      ldierk_walled_garden_2, layout_loops_ring
D:2:      layout_rooms, ebering_ecumenical_altar_webs, minmay_pentomino_s2,
          uniq_jessica
D:3:      layout_basic, portal_sewer_entry_c, serial_shops, shop_coins,
          ebering_ghost_sewer_d, corexii_corridor_pit, minmay_misc_feat_alley,
          nicolae_eternal_life, uniq_terence, uniq_sigmund, uniq_pargi,
          uniq_natasha

Skill      XL: |  1  2  3  4  5 |
---------------+----------------+-----
Dodging        | 3 4 5 |  5.4
Ranged Weapons | 5 |  5.0
Fighting       | 2 |  2.0
Stealth        | |  1.5

Action                     |  1- 3 |  4- 6 || total
---------------------------+-------+-------++-------
   Fire: Shortbow          |    99 |    39 ||   138
    Use: Scroll            |     4 |     2 ||     6
         Potion            |     1 |     1 ||     2
 Armour: Robe              |     6 |    10 ||    16
  Dodge: Dodged            |     6 |    25 ||    31

Table legend:
 A = Non-vault XP
 B = Vault XP
 C = Vault XP percentage of total XP
 D = Non-vault monster count
 E = Vault monster count
 F = Vault count percentage of total count
                 A         B        C        D         E       F
            +---------+---------+-------+---------+---------+-------
      Total |     135 |      75 |  35.7 |      51 |       3 |   5.6
            +---------+---------+-------+---------+---------+-------
        D:1 |      41 |       0 |   0.0 |      25 |       0 |   0.0
        D:2 |      59 |      39 |  39.8 |      18 |       2 |  10.0
        D:3 |      35 |      36 |  50.7 |       8 |       1 |  11.1
            +---------+---------+-------+---------+---------+-------
